 Dungeon Crawl Stone Soup version 0.20-a0-540-ge6d1839 (webtiles) character file.

953 Klosterheim the Cleaver (level 7, -3/57 HPs)
             Began as a Minotaur Fighter on Jan 29, 2017.
             Was an Initiate of Okawaru.
             Splashed by Pikel's acid (13 damage)
             ... on level 6 of the Dungeon.
             The game lasted 00:06:02 (4643 turns).

Klosterheim the Cleaver (Minotaur Fighter)          Turns: 4643, Time: 00:06:03

Health: -3/57      AC: -1    Str: 22    XL:     7   Next: 90%
Magic:  6/6        EV:  9    Int:  5    God:    Okawaru [......]
Gold:   173        SH:  0    Dex: 10    Spells: 6/6 levels left

rFire    . . .     SeeInvis .   a - +1 war axe
rCold    . . .     Gourm    .   b - +0 scale mail
rNeg     + . .     Faith    .   (no shield)
rPois    .         Spirit   .   (helmet restricted)
rElec    .         Reflect  .   (no cloak)
rCorr    .         Harm     .   (no gloves)
MR       .....                  (no boots)
Stlth    ..........             h - amulet of inaccuracy (curse)
Regen    0.2/turn               p - ring of positive energy
                                n - ring of loudness (curse)

@: corroded
A: retaliatory headbutt, horns 2
a: Renounce Religion


You were on level 6 of the Dungeon.
You worshipped Okawaru.
Okawaru was noncommittal.
You were very hungry.

You visited 2 branches of the dungeon, and saw 7 of its levels.

You collected 173 gold pieces.

Inventory:

Hand Weapons
 a - a +1 war axe (weapon)
Armour
 b - a +0 scale mail (worn)
Jewellery
 h - a cursed amulet of inaccuracy (around neck)
 j - a +2 amulet of reflection
 n - a cursed ring of loudness (left hand)
 p - a ring of positive energy (right hand)
 q - an uncursed amulet of regeneration {unknown}
 x - a +3 ring of intelligence {unknown}
Wands
 g - a wand of paralysis (9/24)
 y - a wand of enslavement (12/24)
Scrolls
 l - a scroll of amnesia
 t - a scroll of teleportation
 v - a scroll of fog
 A - a scroll of enchant armour {unknown}
Potions
 d - 3 potions of might
 e - 2 potions of haste {unknown}
 i - 3 potions of mutation
 k - a potion of invisibility
 m - a potion of cancellation {unknown}
 o - a potion of lignification {unknown}
 r - 4 potions of agility
 u - 3 potions of flight {unknown}
 w - 3 potions of heal wounds {unknown}
 B - a potion of curing {unknown}
Comestibles
 f - 4 bread rations
 s - a fruit
 z - a meat ration


   Skills:
 - Level 3.6 Fighting
 + Level 11.0 Axes
 - Level 3.6 Armour
   Level 3.6 Shields


You had 6 spell levels left.
You didn't know any spells.

Dungeon Overview and Level Annotations

Branches:
Dungeon (6/15)             Temple (1/1) D:4

Altars:
Ashenzari
Cheibriados
Dithmenos
Elyvilon
Hepliaklqana
Kikubaaqudgha
Nemelex Xobeh
Okawaru
Ru
Sif Muna
Trog
Vehumet
Yredelemnul
Zin
The Shining One

Annotations:
D:5 Klosterheim's ghost, novice MiFi
D:6 Pikel


Innate Abilities, Weirdness & Mutations

You reflexively headbutt those who attack you in melee.
You have a pair of horns on your head.


Message History

There is an open door here.
Pikel says, "You'll feel the lick of my whip!"
You barely miss Pikel. You headbutt Pikel, but do no damage.
Pikel hits you with a whip of electrocution.
You closely miss Pikel.
Pikel hits you with a whip of electrocution.
You barely miss Pikel. Your headbutt misses Pikel.
Pikel hits you with a whip of electrocution.
You hit Pikel. Your headbutt misses Pikel.
Pikel is lightly wounded.
Pikel zaps a wand.
The bolt of acid hits you! The acid corrodes you!
You are splashed with acid!
The acid burns!
* * * LOW HITPOINT WARNING * * *
It is a wand of acid (?/15).
You hit Pikel.
Pikel is lightly wounded.
Pikel zaps a wand.
The bolt of acid hits you!
* * * LOW HITPOINT WARNING * * *
The acid corrodes you!
You are splashed with acid!
The acid burns!
You die...

...#####..#............##
.......#..'...<........#
.......'.p#............#
.......#..#............#..#
.......#..#...)#########..#
.......#..#..[)'......#...####+#
.......# #....#......#...##...##
.......#'##....#####..##..##...##
...............K@..#..##..##...#.
..............#...........#.
...................+...........#.
...................#####..###'###
.......#'####'###....###..###..#.
.......#........#....#......#..#.
....(..#....(...#....#......#..'.
.......#........#....#......#..#.
.......#........#....#......#..#.


You could see Pikel.

Vanquished Creatures
  Grinder (D:6)
  Sigmund (D:2)
  A sky beast (D:6)
  3 slaves (D:6)
  Duvessa (D:6)
  Dowan (D:6)
  A scorpion (D:5)
  A gnoll shaman (D:6)
  A hound (D:5)
  A bullfrog skeleton (D:4)
  3 worker ants
  4 adders (D:3)
  3 gnolls (D:6)
  A shadow imp (D:3)
  2 worms
  3 dart slugs
  7 leopard geckos
  5 orcs
  2 ball pythons (D:4)
  6 bats
  3 giant cockroaches
  6 goblins
  3 hobgoblins
  7 jackals
  3 quokkas
  8 frilled lizards
  A giant cockroach zombie (D:6)
  A jackal skeleton (D:4)
  3 kobolds
  A leopard gecko zombie (D:6)
  3 rats (D:1)
87 creatures vanquished.

Notes
Turn   | Place    | Note
-------+----------+-------------------------------------------
     0 | D:1      | Klosterheim the Minotaur Fighter began the quest for the Orb.
     0 | D:1      | Reached XP level 1. HP: 19/19 MP: 0/0
    67 | D:1      | Reached skill level 3 in Axes
   123 | D:1      | Reached XP level 2. HP: 24/26 MP: 1/1
   419 | D:1      | Reached skill level 4 in Axes
   487 | D:1      | Reached XP level 3. HP: 31/31 MP: 2/2
  1003 | D:2      | Found a white marble altar of Elyvilon.
  1004 | D:2      | Found an ancient bone altar of Kikubaaqudgha.
  1081 | D:2      | Noticed Sigmund
  1092 | D:2      | Killed Sigmund
  1092 | D:2      | Reached skill level 7 in Axes
  1092 | D:2      | Reached XP level 4. HP: 20/39 MP: 3/3
  1092 | D:2      | Reached XP level 5. HP: 23/45 MP: 4/4
  1374 | D:2      | You fall through a shaft!
  1581 | D:3      | Found a basalt altar of Yredelemnul.
  1597 | D:3      | Found a deep blue altar of Sif Muna.
  1608 | D:3      | Found a bloodstained altar of Trog.
  1620 | D:3      | Found a glowing silver altar of Zin.
  1804 | D:3      | You fall through a shaft for 3 floors!
  1816 | D:6      | Noticed a slave
  1817 | D:6      | Noticed Pikel
  1817 | D:6      | Noticed a slave
  1839 | D:6      | Killed a slave
  1848 | D:6      | Killed a slave
  2035 | D:6      | Noticed a slave
  2065 | D:6      | Killed a slave
  2327 | D:6      | Noticed Grinder
  2342 | D:6      | Killed Grinder
  2342 | D:6      | Reached skill level 8 in Axes
  2342 | D:6      | Reached XP level 6. HP: 41/51 MP: 5/5
  2483 | D:6      | Reached skill level 9 in Axes
  2493 | D:6      | Reached XP level 7. HP: 22/57 MP: 6/6
  2555 | D:5      | Entered Level 5 of the Dungeon
  3584 | D:4      | Found a staircase to the Ecumenical Temple.
  3597 | Temple   | Entered the Ecumenical Temple
  3777 | Temple   | Became a worshipper of Warmaster Okawaru
  4057 | D:5      | Reached skill level 10 in Axes
  4179 | D:5      | Noticed Klosterheim's ghost (novice MiFi)
  4228 | D:6      | Noticed Duvessa
  4229 | D:6      | Noticed Dowan
  4248 | D:6      | Killed Dowan
  4250 | D:6      | Killed Duvessa
  4338 | D:6      | Reached skill level 11 in Axes
  4643 | D:6      | Splashed by Pikel's acid

Vault maps used:
D:1:      lightli_arrival_farm
D:2:      gammafunk_temple_overflow_statue, uniq_sigmund
D:3:      grunt_temple_overflow_cloverleaf
D:4:      minmay_temple_entry_grid
D:5:      kennysheep_little_box, first_bread, nicolae_elemental_shop
D:6:      grunt_gozag_statues, grunt_decor_fettered, uniq_pikel, uniq_grinder,
          uniq_duvessa
Temple:   jpeg_temple_island

Skill      XL: |  1  2  3  4  5  6  7 |
---------------+----------------------+-----
Axes           | 3 4 7 8 9 11 | 11.0
Fighting       | |  3.6
Armour         | |  3.6
Shields        | |  3.6

Action                   |  1- 3 |  4- 6 |  7- 9 || total
-------------------------+-------+-------+-------++-------
Melee: War axe           |    76 |    91 |   115 ||   282
       Headbutt          |    13 |    15 |    18 ||    46
  Use: Scroll            |       |     8 |     2 ||    10
       Potion            |       |     1 |     1 ||     2
 Stab: Invisible         |       |       |     7 ||     7
  Eat: Chunk             |     1 |     2 |     3 ||     6
       Fruit             |       |     1 |       ||     1
       Royal jelly       |       |       |     2 ||     2
Armor: Scale mail        |    36 |    29 |    36 ||   101
Dodge: Dodged            |    39 |    42 |    53 ||   134
